cohdb
Replays
Latest Replays
All Replays
Popular Replays
Top Player Replays
Match Explorer
How It Works
Community
CoH3 Stats
Reddit
Sign in to upload your games and track your stats! →
Sign in with Steam
Match 19946545
Unlisted
Match 19946545
Overview
Messages
Build Orders
End
Panzergrenadier Squad
250 Light Carrier
Selects Armored Support Battlegroup
Panzergrenadier Squad
Construct Light Support Kompanie
MG34 Team
Combat Half-tracks
Fire Support Elements
Selects Veteran Gunners
Flakvierling Half-track
2.5-tonne Medical Truck
Construct Mechanized Kompanie
Assault Mechanized Group
Marder III Tank Destroyer
Marder III Tank Destroyer
Selects Flammpanzer III Medium Tank Sd.Kfz. 141
Support Armor Elements
Selects Salvage Kits
StuG III D Assault Gun
Assault Mechanized Group
Marder III Tank Destroyer
Selects Panzer Storm
Marder III Tank Destroyer
StuG III D Assault Gun
Selects Stuka Anti-tank Loiter
Stuka Anti-tank Loiter
AI Takeover
Bruno.s
R4zi
--==[ ZaiS ]==--
juan-pablo-rc
stunta
MonoChrome
0
0
Comments
sign in to comment!
No comments posted yet!